 Dungeon Crawl Stone Soup version 0.29.1-13-g9f3cf754e1 (webtiles) character file.

Game seed: 17674358777697121699

495788 pilgrim the Spry (level 25, -15/168 HPs)
             Began as a Tengu Air Elementalist on Feb 11, 2023.
             Was an Elder of Qazlal.
             Killed from afar by an ancient lich (46 damage)
             ... with a bolt of acid
             ... on level 5 of the Vaults.
             The game lasted 07:35:40 (95512 turns).

pilgrim the Spry (Tengu Air Elementalist)          Turns: 95512, Time: 07:35:41

Health: -15/168    AC: 37    Str: 14    XL:     25   Next: 12%
Magic:  39/54      EV: 18    Int: 27    God:    Qazlal [****..]
Gold:   2450       SH: 36    Dex: 20    Spells: 20/56 levels left

rFire   + + .      SeeInvis +   K - staff of air
rCold   . . .      Faith    .   S - +18 shield of the Gong {rElec rN+ Will+ EV-5}
rNeg    + + .      Spirit   .   X - +8 pearl dragon scales of Pieguh {rF+ rN+}
rPois   +          Reflect  .   Z - +3 hat of Pondering {ponderous, Will+ MP+10 Int+5}
rElec   +          Harm     .   m - +2 cloak {Will+}
rCorr   +          Rampage  .   Y - +2 pair of gloves {infuse}
Will    +++++                   (boots unavailable)
Stlth   +.........              b - amulet "Lysirirgh" {RegenMP rC+}
HPRegen 0.38/turn               G - ring "Ewytid" {Contam AC+4 Str+3 Slay+3 SInv}
MPRegen 0.74/turn               q - ring of Miv Zuc {Fire rPois Will+ rCorr}

@: brilliant, sluggish, flying quickly and evasively, hasted, repel missiles
A: beak, talons 3, nimble flight, clever 1
}: 2/15 runes: decaying, serpentine
a: Renounce Religion, Upheaval, Elemental Force


You were on level 5 of the Vaults.
You worshipped Qazlal.
Qazlal was greatly pleased with you.
You visited 10 branches of the dungeon, and saw 44 of its levels.
You also visited: Trove, Ossuary, Gauntlet, Wizlab and Desolation.

You collected 5657 gold pieces.
You spent 3207 gold pieces at shops.

Inventory:

Armour
 m - a +2 cloak of willpower (worn)
 S - the +18 shield of the Gong (worn) {rElec rN+ Will+ EV-5}
   (You found it on level 3 of the Elven Halls)

   It is deafeningly noisy when blocking attacks.
   EV:        It affects your evasion (-5).
   rElec:     It insulates you from electricity.
   rN:        It protects you from negative energy.
   Will:      It increases your willpower.
 U - the +1 cloak of the Storm King {rCorr}
   (You found it in a Gauntlet)

   rCorr:     It protects you from acid and corrosion.
 X - the +8 pearl dragon scales of Pieguh (worn) {rF+ rN+}
   (You took it off a minotaur in a Gauntlet)

   rF:        It protects you from fire.
   rN:        It protects you from negative energy.
 Y - a +2 pair of gloves of infusion (worn)
 Z - the +3 hat of Pondering (worn) {ponderous, Will+ MP+10 Int+5}
   (You found it on level 3 of the Elven Halls)

   Int:       It affects your intelligence (+5).
   MP:        It affects your magic capacity (+10).
   Will:      It increases your willpower.
Magical Staves
 K - a staff of air (weapon)
Jewellery
 b - the amulet "Lysirirgh" (around neck) {RegenMP rC+}
   (You took it off a gnoll sergeant on level 9 of the Dungeon)

   [amulet of magic regeneration]

   It increases your rate of magic regeneration.
   rC:        It protects you from cold.
 q - the ring of Miv Zuc (right hand) {Fire rPois Will+ rCorr}
   (You took it off a deep elf demonologist on level 3 of the Elven Halls)

   [ring of fire]

   It enhances your fire magic.
   rF:        It protects you from fire.
   rC:        It makes you vulnerable to cold.
   rPois:     It protects you from poison.
   rCorr:     It protects you from acid and corrosion.
   Will:      It increases your willpower.
 G - the ring "Ewytid" (left hand) {Contam AC+4 Str+3 Slay+3 SInv}
   (You took it off a deep elf zephyrmancer on level 3 of the Elven Halls)

   [ring of protection]

   AC:        It affects your AC (+4).
   Str:       It affects your strength (+3).
   Slay:      It affects your accuracy & damage with ranged weapons and melee
   (+3).
   SInv:      It lets you see invisible.
   Contam:    It causes magical contamination when unequipped.
 I - the ring "Zyef" {rCorr Dex+4}
   (You took it off a deep elf death mage on level 3 of the Elven Halls)

   [ring of resist corrosion]

   Dex:       It affects your dexterity (+4).
   rCorr:     It protects you from acid and corrosion.
 Q - a ring of protection from fire
 R - the ring "Manasaix" {Wiz Int+3}
   (You found it on level 5 of the Lair of Beasts)

   [ring of wizardry]

   It improves your spell success rate.
   Int:       It affects your intelligence (+3).
 V - the ring "Fucalip" {rC+++ Str-5 SInv}
   (You found it in a Gauntlet)

   [ring of see invisible]

   Str:       It affects your strength (-5).
   rC:        It renders you almost immune to cold.
   SInv:      It lets you see invisible.
Wands
 e - a wand of roots (45)
 o - a wand of paralysis (45)
 s - a wand of flame (60)
 B - a wand of digging (13)
 D - a wand of mindburst (53)
 W - a wand of polymorph (12)
Scrolls
 c - a scroll of magic mapping
 d - a scroll of summoning
 l - 5 scrolls of enchant armour
 u - 2 scrolls of butterflies
 A - 5 scrolls of vulnerability
 L - 3 scrolls of immolation
 M - 11 scrolls of fear
 N - 7 scrolls of teleportation
 P - 5 scrolls of poison
Potions
 a - 5 potions of brilliance
 g - 8 potions of mutation
 h - 8 potions of might
 i - 21 potions of curing
 j - 3 potions of ambrosia
 k - 10 potions of lignification
 p - 2 potions of invisibility
 r - 15 potions of attraction
 w - 6 potions of heal wounds
 x - 5 potions of resistance
 z - 3 potions of berserk rage
 C - 5 potions of haste
 E - 7 potions of cancellation
 H - 5 potions of magic
Miscellaneous
 t - a box of beasts
 v - a lightning rod (3/4)
 y - a phantom mirror
 F - a phial of floods
 J - a condenser vane
 T - a tin of tremorstones (2/2)


   Skills:
 + Level 19.9 Fighting
 - Level 7.1(10.1) Polearms
 - Level 11.1(12.0) Staves
 - Level 11.0 Armour
 - Level 20.0 Dodging
 - Level 2.0 Stealth
 - Level 11.0 Shields
 + Level 16.4 Spellcasting
 + Level 14.1 Conjurations
 - Level 4.0 Hexes
 - Level 3.2 Transmutations
 - Level 20.0 Air Magic
 - Level 12.1 Invocations
 - Level 12.0 Evocations


You had 20 spell levels left.
You knew the following spells:

 Your Spells              Type           Power      Damage    Failure   Level
a - Shock                 Conj/Air       100%       1d9       1%          1
b - Static Discharge      Conj/Air       100%       3-16/arc  1%          2
c - Mephitic Cloud        Conj/Pois/Air  100%       N/A       1%          3
d - Airstrike             Air            69%        2d(10-26) 1%          4
e - Swiftness             Air            100%       N/A       0%          3
f - Storm Form            Tmut/Air       56%        N/A       80%         7
g - Silence               Hex/Air        57%        N/A       3%          5
h - Chain Lightning       Conj/Air       65%        3d87      100%        9
i - Blink                 Tloc           66%        N/A       28%         2

Your spell library contained the following spells:

 Spells                   Type           Power      Damage    Failure   Level
 Foxfire                  Conj/Fire      100%       2x1d9     1%          1
 Magic Dart               Conj           100%       1d8       1%          1
 Poisonous Vapours        Pois/Air       100%       N/A       1%          2
 Searing Ray              Conj           100%       2d8       1%          2
 Iskenderun's Battlesphe  Conj           99%        2d15      1%          5
 Slow                     Hex            100%       N/A       3%          1
 Conjure Flame            Conj/Fire      94%        6-21      3%          3
 Stone Arrow              Conj/Erth      100%       3d13      3%          3
 Fulminant Prism          Conj/Hex       41%        3d20      4%          4
 Freezing Cloud           Conj/Ice/Air   56%        6-21      4%          5
 Sting                    Tmut/Pois      100%       1d8       10%         1
 Confusing Touch          Hex            60%        N/A       11%         3
 Tukima's Dance           Hex            60%        N/A       11%         3
 Flame Wave               Conj/Fire      94%        2d20      11%         4
 Hailstorm                Conj/Ice       74%        3d15      11%         4
 Corpse Rot               Necr/Pois/Air  92%        N/A       12%         4
 Ensorcelled Hibernation  Hex/Ice        98%        N/A       13%         2
 Passwall                 Tmut/Erth      38%        N/A       16%         2
 Irradiate                Conj/Tmut      40%        3d25      16%         5
 Apportation              Tloc           66%        N/A       19%         1
 Freeze                   Ice            100%       1d11      19%         1
 Necrotise                Necr           100%       1d9       19%         1
 Sandblast                Erth           66%        2d15      19%         1
 Summon Small Mammal      Summ           100%       N/A       19%         1
 Inner Flame              Hex/Fire       65%        N/A       26%         3
 Portal Projectile        Hex/Tloc       98%        N/A       26%         3
 Summon Guardian Golem    Hex/Summ       49%        N/A       26%         3
 Scorch                   Fire           98%        2d9       28%         2
 Fireball                 Conj/Fire      47%        3d19      28%         5
 Cause Fear               Hex            30%        N/A       34%         4
 Ignite Poison            Fire/Tmut/Pois 58%        N/A       36%         3
 Orb of Destruction       Conj           49%        9d13      43%         7
 Call Canine Familiar     Summ           33%        N/A       50%         3
 Frozen Ramparts          Ice            66%        1d10      50%         3
 Gell's Gravitas          Tloc           33%        N/A       50%         3
 Lesser Beckoning         Tloc           33%        N/A       50%         3
 Teleport Other           Tloc           33%        N/A       50%         3
 Vampiric Draining        Necr           33%        2d8       50%         3
 Anguish                  Hex/Necr       24%        N/A       63%         4
 Leda's Liquefaction      Hex/Erth       24%        N/A       63%         4
 Yara's Violent Unravell  Hex/Tmut       29%        3d12      75%         5
 Blade Hands              Tmut           28%        N/A       80%         5
 Iron Shot                Conj/Erth      37%        9d7       85%         6
 Starburst                Conj/Fire      47%        6d13      85%         6
 Animate Dead             Necr           33%        N/A       88%         4
 Dispel Undead            Necr           33%        3d14      88%         4
 Olgreb's Toxic Radiance  Pois           33%        N/A       88%         4
 Passage of Golubria      Tloc           33%        N/A       88%         4
 Summon Ice Beast         Ice/Summ       33%        N/A       88%         4
 Metabolic Englaciation   Hex/Ice        24%        N/A       93%         5
 Alistair's Intoxication  Tmut/Pois      30%        N/A       95%         5
 Borgnjor's Vile Clutch   Necr/Erth      16%        N/A       99%         5
 Lee's Rapid Deconstruct  Erth           16%        3d11*     99%         5
 Manifold Assault         Tloc           33%        N/A       99%         5
 Death Channel            Necr           16%        N/A       100%        6
 Eringya's Noxious Bog    Tmut/Pois      23%        N/A       100%        6
 Simulacrum               Ice/Necr       16%        N/A       100%        6
 Statue Form              Tmut/Erth      30%        N/A       100%        6
 Summon Cactus Giant      Summ           16%        N/A       100%        6
 Dragon Form              Tmut           28%        N/A       100%        7
 Haunt                    Necr/Summ      16%        N/A       100%        7
 Malign Gateway           Summ/Tloc      16%        N/A       100%        7
 Ozocubu's Refrigeration  Ice            16%        4d11      100%        7
 Spellforged Servitor     Conj/Summ      37%        N/A       100%        7
 Discord                  Hex            30%        N/A       100%        8
 Ignition                 Fire           24%        3d8       100%        8
 Infestation              Necr           16%        N/A       100%        8
 Lehudib's Crystal Spear  Conj/Erth      37%        10d9      100%        8
 Summon Horrible Things   Summ           16%        N/A       100%        8
 Fire Storm               Conj/Fire      47%        8d12      100%        9
 Shatter                  Erth           16%        3d16*     100%        9


Dungeon Overview and Level Annotations

Branches:
Dungeon (15/15)            Temple (1/1) D:4            Lair (5/5) D:11
  Swamp (4/4) Lair:3        Snake (4/4) Lair:3        Slime (1/5) Lair:5
    Orc (2/2) D:10            Elf (3/3) Orc:2        Vaults (5/5) D:14
  Crypt (0/3) Vaults:3     Depths (4/4) D:15            Zot (0/5) Depths:4
Ossuary (visited)          WizLab (visited)         Desolation (visited)
Gauntlet (visited)

Altars:
Ashenzari
Cheibriados
Dithmenos
Elyvilon
Fedhas
Gozag
Hepliaklqana
Kikubaaqudgha
Makhleb
Nemelex Xobeh
Okawaru
Qazlal
Ru
Sif Muna
Trog
Uskayaw
Vehumet
Wu Jian
Xom
Yredelemnul
Zin
The Shining One
Jiyva
Lugonu

Shops:
D:4 :   D:10 !?!:   Orc:2 ([(*   Elf:2 ?   Depths:1 *:=:!(*   Depths:3 =[[

Portals:
Hell: Lair:5 Depths:1 Depths:2 Depths:3 Depths:4
Abyss: Orc:2 Depths:2* Depths:3
Ziggurat: Depths:2

Annotations:
D:12 stash
Orc:2 2 transporters, diceflayer's ghost, journeyman DsHu
Elf:2 3 runed translucent doors, exclusion: 3 doors
Vaults:5 Margery; Sojobo


Innate Abilities, Weirdness & Mutations

You have a beak for a mouth.
You have claws for feet.
Your magical nature lets you fly swiftly and evasively.
Your mind is acute. (Int +4, Str/Dex -1)


Message History

You hear a deafening roar! x2
The hell knight attacks as you move away!
You block the hell knight's attack.
GONNNNG!
You feel less protected from physical attacks.
The hell knight is struck by lightning.
You block the hell knight's attack.
SHROANNG!
The yaktaur captain is engulfed in blazing flames.
The titan waves its arms in wide circles.
The air twists around and strikes you.
The ancient lich casts a spell.
The ancient lich seems to speed up.
You hear a deafening roar!
Your surroundings suddenly seem different.
You hear a deafening roar!
The titan waves its arms in wide circles.
The air twists around and strikes you.
* * * LOW HITPOINT WARNING * * *
Casting: Airstrike (safe; 1% risk of failure)
Confirm with . or Enter, or press ? or * to list all spells.
Aiming: Airstrike (safe; 1% risk of failure)
Press: ? - help, Dir - move target, f - titan
Aim: a titan (heavily wounded, inner flame, empty space bonus: 5/8)
You feel a strong surge of power!
The air twists around and strikes the titan!!
Flame seeps out of the titan.
The titan is severely wounded.
You hear a shout!
The titan is engulfed in blazing flames.
Flame seeps out of the titan.
A death drake comes into view.
A golden dragon comes into view.
The titan is engulfed in blazing flames.
Flame seeps out of the titan.
The ancient lich points at you and mumbles some strange words.
The crystal spear hits you!!
* * * LOW HITPOINT WARNING * * *
You feel much better.
The ancient lich points at you and mumbles some strange words.
The bolt of acid hits you!!! You resist.
You die...

##..#....# ##...#....#
##...##....# ##.."#.#....#
##...#..#....#
##...#...#....#
##...#....#....#
##...#..(..#.@☼°#
#...#L...).#...°#
#...#.pp..).#○...#
#...#...p..)(#CLp°# ..
#...#.....pp).#°...# ...
...#.......pc)#kC..#....
..#.......)).)#)).D#....
.#.........[))Qc).......
#############).))....######


You could see Sojobo (inner flame, repels missiles), 2 titans, a golden dragon,
an ancient lich (fast), a yaktaur captain, a death drake and a hell knight
(fast).

Vanquished Creatures
  A juggernaut (Depths:3)
  Frederick (Vaults:2)
  Saint Roka (Vaults:3)
  A caustic shrike (shapeshifter) (Depths:2)
  2 golden dragons
  Nikola (Swamp:2)
  2 bone dragons
  4 liches
  A walking crystal tome (Depths:3)
  A quicksilver dragon (shapeshifter) (Vaults:5)
  4 quicksilver dragons
  Zenata (Vaults:1)
  2 deep elf blademasters
  5 deep elf master archers
  10 sphinxes
  2 thorn hunters (WizLab)
  12 tengu reavers
  A draconian monk (Depths:4)
  2 storm dragons
  8 shadow dragons
  3 fenstrider witches (WizLab)
  3 revenants
  6 fire giants
  7 nagarajas (Snake:4)
  An emperor scorpion (shapeshifter) (D:14)
  7 frost giants
  16 vault wardens
  Aizul (Lair:3)
  A spectral juggernaut (Depths:2)
  2 iron dragons
  Louise (D:14)
  2 draconian stormcallers (Depths:4)
  2 orc warlords
  8 deep elf sorcerers
  4 deep elf elementalists (Elf:3)
  A war gargoyle (D:14)
  18 ironbound preservers
  14 very ugly things
  A juggernaut skeleton (Depths:2)
  4 spectral caustic shrikes (Depths:2)
  A green draconian (Depths:4)
  8 deep elf demonologists (Elf:3)
  5 ironbound thunderhulks
  15 stone giants
  3 entropy weavers
  3 vampire knights
  2 eleionomae
  6 bunyips
  A black draconian (Depths:4)
  5 deep elf annihilators
  Azrael (D:14)
  A yellow draconian (Depths:4)
  A white draconian (Depths:4)
  A minotaur (Gauntlet)
  9 dire elephants
  11 spark wasps
  2 eidola
  11 ettins
  9 deep elf death magi
  A ragged hierophant (Desolation)
  5 deep elf high priests
  A shambling mangrove (WizLab)
  Josephine (D:14)
  6 fire dragons
  2 spectral golden dragons (Depths:2)
  15 yaktaur captains
  4 jiangshi
  2 peacekeepers
  A spectral tengu (Depths:2)
  7 great orbs of eyes
  8 ice dragons
  33 vault guards
  3 rakshasas
  A spectral shadow dragon (Depths:2)
  A servant of whispers (Desolation)
  4 salamander tyrants
  4 hell beasts
  5 ironbound frosthearts
  4 ghost crabs (Swamp:4)
  20 hydras
  A spriggan air mage (Depths:4)
  A juggernaut simulacrum (Depths:2)
  9 boulder beetles
  2 death knights
  7 two-headed ogres
  21 centaur warriors
  2 ogre magi
  13 naga warriors
  4 catoblepae
  A spectral fire giant (Depths:2)
  7 alligators
  9 dancing weapons
  7 deep troll shamans
  15 death yaks
  14 anacondas
  3 satyrs (WizLab)
  A shock serpent (shapeshifter) (D:14)
  4 deep troll earth magi
  3 vampire magi
  6 tengu warriors
  21 naga sharpshooters
  A thrashing horror (Gauntlet)
  An orc high priest (Elf:2)
  16 hell knights
  5 shock serpents
  Nergalle (D:12)
  A titan skeleton (Depths:2)
  7 salamander mystics
  15 deep elf knights
  3 shadow wraiths (Depths:2)
  A sixfirhy (Depths:2)
  3 skeletal warriors
  A death drake (Swamp:4)
  6 iron trolls
  5 goliath frogs
  5 sea snakes (Snake:3)
  57 deep trolls
  2 spriggan druids
  5 flayed ghosts
  6 bog bodies
  3 spectral hydras (Swamp:4)
  9 deep elf archers
  2 glowing orange brains
  A golden dragon skeleton (D:15)
  6 naga ritualists
  25 deep elf zephyrmancers
  9 wizards
  18 ironbound convokers
  25 deep elf pyromancers
  A harpy (shapeshifter) (D:15)
  3 harpies (Elf:1)
  2 sphinx zombies
  4 necromancers
  9 phantasmal warriors
  A wolf spider (D:15)
  13 lindwurms
  3 orc knights
  A stone giant zombie (D:15)
  11 manticores
  7 mana vipers
  2 moths of wrath (shapeshifter)
  4 fauns (WizLab)
  10 cyclopes
  3 orc sorcerers
  2 oklob plants
  4 will-o-the-wisps
  28 salamanders
  46 ugly things
  A worldbinder (Gauntlet)
  18 vault sentinels
  18 elephants
  6 guardian serpents
  A fire giant skeleton (Depths:2)
  31 black mambas
  An eye of devastation (Lair:5)
  6 naga magi
  3 orange demons (Lair:5)
  2 gargoyles
  An unseen horror (D:11)
  5 kobold demonologists
  14 cane toads
  A storm dragon simulacrum (Depths:2)
  45 yaktaurs
  An efreet (D:14)
  6 komodo dragons
  8 rime drakes
  5 swamp worm zombies (Swamp:4)
  2 ice devils (Lair:5)
  A tengu conjurer (Depths:1)
  A guardian mummy (D:15)
  2 golden dragon simulacra (Depths:2)
  A hellwing (Lair:5)
  4 freezing wraiths
  A troll (shapeshifter) (Vaults:5)
  6 trolls
  A meliai (shapeshifter) (Depths:3)
  A hydra zombie (Swamp:4)
  A polar bear (Lair:2)
  A hornet (shapeshifter) (D:13)
  6 tyrant leeches
  7 bloated husks
  3 meliai (D:15)
  A tarantella (Vaults:3)
  A spriggan zombie (D:15)
  6 hornets
  A raiju (Gauntlet)
  9 blink frogs
  A blink frog (shapeshifter) (Elf:1)
  A slime creature (shapeshifter) (D:15)
  3 alligator zombies (Swamp:4)
  25 slime creatures
  3 spectral swamp dragons (Swamp:4)
  A fire giant simulacrum (Depths:2)
  Sigmund (D:5)
  A culicivora (shapeshifter) (D:14)
  A spriggan (shapeshifter) (Elf:1)
  3 flying skulls (Depths:1)
  4 spriggans
  3 air elementals
  8 wraiths
  6 shadows
  A vampire (D:14)
  4 wyverns
  5 fire elementals
  2 water elementals
  18 yaks
  6 basilisks
  A golden eye (shapeshifter) (Depths:2)
  A basilisk (shapeshifter) (Vaults:5)
  3 small abominations (Gauntlet)
  15 vampire mosquitoes
  A warg (Orc:2)
  13 redbacks
  A redback (shapeshifter) (D:14)
  3 steam dragons
  18 swamp worms
  46 nagas
  An acid dragon (shapeshifter) (Depths:3)
  13 water moccasins
  2 floating eyes
  3 ice beasts
  11 hell hounds
  A swamp drake (Swamp:2)
  45 orc warriors
  A black bear (Lair:1)
  6 swamp dragon zombies (Swamp:4)
  5 wolves (Lair:2)
  9 ogres
  5 boggarts
  A tengu (shapeshifter) (Depths:3)
  15 centaurs
  6 phantoms (Swamp:4)
  6 kobold brigands
  2 earth elementals
  9 bullfrogs
  A necrophage (D:6)
  2 gnoll sergeants
  The ghost of HumanPerson the Trooper, a weakling OgFi (D:5)
  14 wights
  A hornet simulacrum (D:5)
  9 killer bees
  9 howler monkeys
  A howler monkey (shapeshifter) (D:14)
  5 electric eels
  5 hounds
  A centaur zombie (Ossuary)
  3 jellies
  18 orc priests
  A gnoll bouda (D:4)
  An iron imp (D:8)
  Ijyb (D:5)
  3 iguanas
  29 orc wizards
  A spectral swamp drake (Swamp:4)
  A hell rat (Elf:1)
  An ogre zombie (D:5)
  A bullfrog simulacrum (D:5)
  2 killer bee simulacra (D:5)
  13 gnolls
  6 adders
  2 orc zombies
  A swamp drake zombie (Swamp:4)
  3 white imps
  An adder zombie (Ossuary)
  2 worms
  A worm (shapeshifter) (Depths:2)
  3 dart slugs
  An adder simulacrum (D:5)
  94 orcs
  8 endoplasms
  3 giant cockroaches
  8 goblins
  3 hobgoblins
  A jackal (D:4)
  4 quokkas
  8 ball pythons
  3 bats
  3 frilled lizards
  3 hobgoblin skeletons (Ossuary)
  2 hobgoblin zombies (Ossuary)
  26 kobolds
  A kobold zombie (Ossuary)
  An orc skeleton (Ossuary)
  A rat (D:2)
  A briar patch (WizLab)
1814 creatures vanquished.

Vanquished Creatures (collateral kills)
  An ancient lich (Vaults:4)
  Jorgrun (Orc:2)
  A tengu reaver (Vaults:3)
  A vault warden (Vaults:5)
  A frost giant (Vaults:3)
  A yaktaur captain (Vaults:5)
  A vault guard (Vaults:5)
  A dancing weapon (Orc:2)
  2 satyrs (WizLab)
  A sixfirhy (Lair:5)
  An orc knight (Orc:2)
  An ironbound convoker (Vaults:5)
  An orc sorcerer (Orc:2)
  2 fauns (WizLab)
  A yaktaur (WizLab)
  An ice devil (Lair:5)
  A warg (Orc:2)
  An ogre (Orc:2)
  2 orcs (Orc:2)
22 creatures vanquished.

Vanquished Creatures (others)
  An anaconda (Snake:3)
  A shadow wraith (Depths:2)
  A deep elf archer (Elf:1)
  A wizard (Elf:1)
  A black mamba (Snake:2)
  A bloated husk (Swamp:4)
  A centaur simulacrum (D:14)
  A vampire mosquito (Swamp:1)
  An orc warrior (Elf:2)
  2 orc wizards
  A frilled lizard (shapeshifter) (Vaults:5)
  A briar patch (WizLab)
  18 foxfires
  29 fungi
  46 plants
  12 withered plants
118 creatures vanquished.

Grand Total: 1954 creatures vanquished

Notes
Turn   | Place    | Note
-------+----------+-------------------------------------------
     0 | D:1      | pilgrim the Tengu Air Elementalist began the quest for the
                  | Orb.
     0 | D:1      | Reached XP level 1. HP: 10/10 MP: 4/4
   362 | D:1      | Reached XP level 2. HP: 16/16 MP: 0/6
   616 | D:1      | Found a faded altar of an unknown god.
   757 | D:1      | Reached skill level 1 in Fighting
   885 | D:2      | Reached XP level 3. HP: 20/20 MP: 5/7
   891 | D:2      | Identified the +0 robe "Hathiceu" {Slay+5}
  1737 | D:3      | Reached skill level 1 in Staves
  1737 | D:3      | Reached XP level 4. HP: 25/25 MP: 4/8
  1740 | D:3      | Learned a level 2 spell: Static Discharge
  2860 | D:4      | Gained mutation: Your magical nature lets you fly swiftly
                  | and evasively. [Tengu growth]
  2860 | D:4      | Reached XP level 5. HP: 29/29 MP: 4/9
  2953 | D:4      | Found a staircase to the Ecumenical Temple.
  2959 | Temple   | Entered the Ecumenical Temple
  3169 | Temple   | Became a worshipper of Qazlal Stormbringer
  3549 | D:4      | Noticed an ogre
  3595 | D:4      | Killed an ogre
  3596 | D:4      | Reached XP level 6. HP: 35/35 MP: 2/11
  3882 | D:4      | Found Pienauqi's Book Shop.
  4345 | D:4      | Noticed an ice beast
  4486 | D:5      | Entered Level 5 of the Dungeon
  4881 | D:6      | Reached XP level 7. HP: 27/40 MP: 6/12
  5103 | D:5      | Found a runed translucent gate.
  5103 | D:5      | Found a runed translucent gate.
  5103 | D:5      | Found a runed translucent gate.
  5120 | D:5      | Found a transporter.
  5181 | D:5      | Found a transporter.
  5188 | D:5      | Noticed Sigmund
  5666 | D:5      | Noticed Ijyb
  5688 | D:5      | Killed Ijyb
  6658 | D:4      | Reached * piety under Qazlal
  6936 | D:5      | Noticed HumanPerson's ghost (weakling OgFi)
  7353 | D:5      | Identified the +11 spear of Haweyhuan {vamp, rPois}
  7358 | D:5      | Killed Sigmund
  7359 | D:5      | Reached skill level 5 in Staves
  7359 | D:5      | Reached XP level 8. HP: 46/46 MP: 14/14
  7527 | D:6      | Reached skill level 5 in Dodging
  7764 | D:6      | Reached skill level 5 in Air Magic
  8196 | D:6      | You are sucked into a shaft and drop 1 floor!
  9117 | D:7      | Reached ** piety under Qazlal
  9217 | D:7      | Reached skill level 1 in Evocations
  9217 | D:7      | Reached XP level 9. HP: 53/53 MP: 15/17
  9259 | D:7      | Reached skill level 5 in Spellcasting
  9356 | D:7      | Reached skill level 5 in Fighting
  9891 | D:4      | Bought the Cyclopedia of Poison and Hurting for 364 gold
                  | pieces
  9895 | D:4      | Learned a level 3 spell: Mephitic Cloud
 10032 | D:7      | Reached skill level 1 in Shields
 10135 | D:7      | Found a shimmering blue altar of Sif Muna.
 10146 | D:7      | Reached skill level 1 in Invocations
 10186 | D:7      | Got Sif Muna's Writings on Blasphemous Mysteries
 10576 | D:7      | Found a sparkling altar of Nemelex Xobeh.
 10576 | D:7      | Found a hazy altar of Hepliaklqana.
 10607 | D:8      | Got the Commentary on Congelation and Coordinates
 10623 | D:8      | Found a sand-covered staircase.
 10674 | Ossuary  | Entered an ossuary
 10743 | Ossuary  | Reached *** piety under Qazlal
 10904 | Ossuary  | Reached XP level 10. HP: 60/60 MP: 19/19
 11171 | D:8      | Found a snail-covered altar of Cheibriados.
 11408 | D:8      | Found a blossoming altar of Fedhas.
 11425 | D:8      | Found an opulent altar of Gozag.
 11520 | D:8      | Found a basalt altar of Yredelemnul.
 11732 | D:9      | Found a shadowy altar of Dithmenos.
 11765 | D:9      | Noticed a manticore
 11772 | D:9      | Killed a manticore
 11820 | D:9      | Noticed a skeletal warrior
 11883 | D:10     | Entered Level 10 of the Dungeon
 11924 | D:9      | Learned a level 4 spell: Airstrike
 11928 | D:9      | Learned a level 3 spell: Swiftness
 11931 | D:9      | Noticed a boulder beetle
 12136 | D:9      | Identified the +10 spear "Onuhun" {drain, rElec Dex-4
                  | Stlth+}
 12227 | D:9      | Got Sif Muna's Spellbook of Contamination
 12232 | D:9      | Noticed a white ugly thing
 12232 | D:9      | Noticed a purple ugly thing
 12264 | D:8      | Killed a purple ugly thing
 12383 | D:9      | Noticed a catoblepas
 12489 | D:9      | Killed a purple ugly thing
 12490 | D:9      | Reached skill level 1 in Polearms
 12490 | D:9      | Reached XP level 11. HP: 56/66 MP: 19/22
 13099 | D:10     | Noticed a two-headed ogre
 13108 | D:10     | Killed a two-headed ogre
 13586 | D:10     | Found Ceboseth's Distillery.
 13600 | D:10     | Found Celucu's Book Shoppe.
 13615 | D:10     | Bought a potion of haste for 120 gold pieces
 13772 | D:10     | Noticed a +0 falchion
 13772 | D:10     | Noticed a +0 short sword
 13774 | D:10     | Noticed a +0 short sword
 13774 | D:10     | Noticed a +0 dagger
 13774 | D:10     | Noticed a +0 spear
 13774 | D:10     | Noticed a +0 dagger
 13775 | D:10     | Noticed a +0 falchion
 13777 | D:10     | Noticed a +0 spear
 13786 | D:10     | Found a hide-covered altar of Uskayaw.
 13799 | D:10     | Found Loxidgh's Distillery.
 13803 | D:10     | Bought a potion of heal wounds for 70 gold pieces
 13962 | D:10     | Found a transporter.
 13965 | D:10     | Found a transporter.
 13970 | D:10     | Found a transporter.
 13983 | D:10     | Found a transporter.
 13984 | D:10     | Found a transporter.
 13993 | D:10     | Found Liwkurr's Magic Scroll Boutique.
 14001 | D:10     | Reached skill level 5 in Shields
 14018 | D:10     | Reached **** piety under Qazlal
 14222 | D:10     | Bought a scroll of teleportation for 42 gold pieces
 14245 | D:10     | Found a staircase to the Orcish Mines.
 14523 | D:10     | Found a transporter.
 14603 | Orc:1    | Entered Level 1 of the Orcish Mines
 14796 | Orc:1    | You are sucked into a shaft and drop 1 floor!
 14796 | Orc:2    | Entered Level 2 of the Orcish Mines
 14800 | Orc:2    | Noticed a glowing orange brain
 14811 | Orc:2    | Noticed an orc sorcerer
 14812 | Orc:2    | Noticed an orc knight
 14823 | Orc:2    | Killed an orc sorcerer
 14827 | Orc:2    | Killed an orc knight
 14828 | Orc:2    | Reached skill level 10 in Air Magic
 14857 | Orc:2    | Noticed an orc knight
 14859 | Orc:2    | Reached skill level 5 in Invocations
 14897 | Orc:1    | Noticed an orc knight
 14950 | Orc:1    | Killed an orc knight
 14979 | Orc:1    | Noticed an orc warlord
 15043 | Orc:1    | Killed an orc warlord
 15044 | Orc:1    | Reached XP level 12. HP: 46/74 MP: 16/23
 15066 | Orc:1    | Reached skill level 5 in Polearms
 15663 | Orc:2    | Reached ***** piety under Qazlal
 15821 | Orc:2    | Noticed an orc warlord
 15917 | Orc:2    | Killed an orc warlord
 16167 | Orc:2    | Found Puigeuq's Antique Weapon Shoppe.
 16176 | Orc:2    | Found Zepputi's Antique Armour Emporium.
 16346 | Orc:2    | Reached skill level 10 in Dodging
 16408 | Orc:2    | Found Suteshev's Assorted Antiques.
 16413 | Orc:2    | Bought a scroll labelled TAYRRAIGIU for 27 gold pieces
 16415 | Orc:2    | Bought a bloodstained glaive for 310 gold pieces
 16415 | Orc:2    | Identified the +7 glaive "Spiderslayer" {protect, rF+} (You
                  | bought it in a shop on level 2 of the Orcish Mines)
 16477 | Orc:2    | Found a transporter.
 16505 | Orc:2    | Found a one-way gate to the infinite horrors of the Abyss.
 16505 | Orc:2    | Noticed diceflayer's ghost (journeyman DsHu)
 16506 | Orc:2    | Noticed a rakshasa
 16513 | Orc:2    | Noticed an orc warlord
 16520 | Orc:2    | Found a transporter.
 16695 | Orc:2    | Found Pilel's Antique Weapon Shoppe.
 16784 | Orc:2    | Found a staircase to the Elven Halls.
 17018 | D:9      | Killed a catoblepas
 17032 | D:9      | Identified the amulet "Lysirirgh" {RegenMP rC+}
 17308 | D:9      | Killed a boulder beetle
 17757 | D:5      | Killed HumanPerson's ghost
 18392 | D:11     | Noticed a tengu warrior
 18708 | D:11     | Killed a tengu warrior
 18830 | D:11     | Found a staircase to the Lair.
 19034 | D:11     | Noticed a boulder beetle
 19110 | D:11     | Reached XP level 13. HP: 80/80 MP: 19/24
 19676 | Lair:1   | Entered Level 1 of the Lair of Beasts
 20054 | Lair:1   | Identified a scroll of acquirement
 20055 | Lair:1   | Acquired a staff of air
 21416 | Lair:2   | Reached ****** piety under Qazlal
 23042 | Lair:3   | Reached skill level 10 in Fighting
 23953 | Lair:3   | Found a staircase to the Snake Pit.
 24169 | Lair:3   | Found a staircase to the Swamp.
 25263 | Lair:3   | Reached XP level 14. HP: 82/88 MP: 20/27
 26156 | Lair:5   | Entered Level 5 of the Lair of Beasts
 26232 | Lair:5   | Paralysed by a floating eye for 3 turns
 26502 | Lair:5   | Found a viscous altar of Jiyva.
 26502 | Lair:5   | Found a staircase to the Slime Pits.
 28880 | Lair:5   | Identified the ring "Manasaix" {Wiz Int+3}
 29357 | Lair:5   | Reached skill level 5 in Evocations
 29770 | Lair:5   | Found a burning altar of Makhleb.
 29788 | Lair:5   | Reached XP level 15. HP: 43/94 MP: 24/29
 30294 | Lair:5   | Found a gateway to Hell.
 30384 | Slime:1  | Entered Level 1 of the Pits of Slime
 30385 | Slime:1  | Noticed an acid blob
 31663 | D:12     | Noticed Nergalle
 31667 | D:12     | Killed Nergalle
 32180 | D:12     | Found a gate leading to a gauntlet.
 32189 | Gauntlet | Entered a Gauntlet
 32189 | Gauntlet | Found a transporter.
 32189 | Gauntlet | Found a transporter.
 32189 | Gauntlet | Found a large runed translucent door.
 32189 | Gauntlet | Found a large runed translucent door.
 32189 | Gauntlet | Found a large runed translucent door.
 32189 | Gauntlet | Found a large runed translucent door.
 32189 | Gauntlet | Found a large runed translucent door.
 32189 | Gauntlet | Found a large runed translucent door.
 32189 | Gauntlet | Found a runed translucent door.
 32189 | Gauntlet | Found a runed translucent door.
 32189 | Gauntlet | Found a large runed translucent door.
 32189 | Gauntlet | Found a large runed translucent door.
 32189 | Gauntlet | Found a large runed translucent door.
 32189 | Gauntlet | Found a large runed translucent door.
 32189 | Gauntlet | Found a large runed translucent door.
 32189 | Gauntlet | Found a large runed translucent door.
 32193 | Gauntlet | Found a transporter.
 32193 | Gauntlet | Found a transporter.
 32194 | Gauntlet | Found a large runed translucent door.
 32194 | Gauntlet | Found a large runed translucent door.
 32194 | Gauntlet | Found a large runed translucent door.
 32194 | Gauntlet | Found a large runed translucent door.
 32203 | Gauntlet | Found a transporter.
 32213 | Gauntlet | Found a transporter.
 32213 | Gauntlet | Found a transporter.
 32218 | Gauntlet | Found a transporter.
 32245 | Gauntlet | Found a transporter.
 32254 | Gauntlet | Found a transporter.
 32286 | Gauntlet | Found a runed translucent gate.
 32286 | Gauntlet | Found a runed translucent gate.
 32286 | Gauntlet | Found a runed translucent gate.
 32288 | Gauntlet | Found a transporter.
 32334 | Gauntlet | Found a transporter.
 32351 | Gauntlet | Found a transporter.
 32441 | Gauntlet | Found a transporter.
 32450 | Gauntlet | Found a transporter.
 32466 | Gauntlet | Found a transporter.
 32630 | Gauntlet | Identified the +1 cloak of the Storm King {rCorr}
 32677 | Gauntlet | Identified the ring "Fucalip" {rC+++ Str-5 SInv}
 32695 | Gauntlet | Identified the +8 pearl dragon scales of Pieguh {rF+ rN+}
 32695 | Gauntlet | Identified the amulet "Ymimu" {RegenMP Rampage Str+6}
 32832 | Gauntlet | Identified the +4 ring mail of the Comet {rF+}
 32833 | Gauntlet | Got Fiad's Spellbook of Flinty Ensorcelling
 33676 | D:12     | stash
 35310 | D:10     | Bought a scroll of magic mapping for 105 gold pieces
 36568 | D:14     | Noticed Azrael
 36587 | D:14     | Killed Azrael
 37033 | D:14     | Noticed Josephine
 37045 | D:14     | Killed Josephine
 37211 | D:14     | Reached skill level 10 in Invocations
 37435 | D:14     | Reached skill level 10 in Spellcasting
 37442 | D:14     | Reached XP level 16. HP: 101/101 MP: 19/31
 37927 | D:14     | Found a shimmering altar of Xom.
 37928 | D:14     | Found a shimmering altar of Xom.
 37928 | D:14     | Found a shimmering altar of Xom.
 38043 | D:14     | Reached skill level 10 in Staves
 38313 | D:15     | Entered Level 15 of the Dungeon
 38329 | D:14     | Found a shimmering altar of Xom.
 38331 | D:14     | Found a shimmering altar of Xom.
 38349 | D:14     | Found a shimmering altar of Xom.
 38349 | D:14     | Found a shimmering altar of Xom.
 38691 | D:14     | Identified the +1 tower shield of Jokhliv {rPois rC+ rN+}
 38691 | D:14     | Noticed Louise
 38701 | D:14     | Killed Louise
 39111 | D:14     | Noticed a storm dragon
 39121 | D:14     | Killed a storm dragon
 39122 | D:14     | Reached skill level 15 in Air Magic
 39531 | D:14     | Found a gate to the Vaults.
 40740 | D:15     | Found a staircase to the Depths.
 41056 | D:15     | Paralysed by an ogre mage for 3 turns
 41158 | D:15     | Found an ornate altar of the Wu Jian Council.
 41930 | Swamp:1  | Entered Level 1 of the Swamp
 42893 | Swamp:2  | Reached skill level 1 in Armour
 43224 | Swamp:2  | Reached XP level 17. HP: 87/108 MP: 18/32
 43431 | Swamp:2  | Noticed Nikola
 43543 | Swamp:2  | Killed Nikola
 45629 | Swamp:4  | Entered Level 4 of the Swamp
 47785 | Swamp:4  | Found a basalt altar of Yredelemnul.
 48528 | Swamp:4  | Noticed a bone dragon
 48641 | Snake:1  | Entered Level 1 of the Snake Pit
 49035 | Snake:1  | Noticed Aizul
 49055 | Lair:3   | Killed Aizul
 49694 | Snake:1  | Learned a level 7 spell: Storm Form
 51624 | Snake:2  | Reached skill level 5 in Armour
 51937 | Snake:2  | Found an ornate altar of the Wu Jian Council.
 52615 | Snake:2  | Reached XP level 18. HP: 105/115 MP: 30/34
 53813 | Snake:2  | Reached skill level 15 in Dodging
 56195 | Snake:4  | Entered Level 4 of the Snake Pit
 59632 | Snake:4  | Reached XP level 19. HP: 87/121 MP: 30/36
 61071 | Snake:4  | Got a serpentine rune of Zot
 61572 | Swamp:3  | Killed a bone dragon
 62287 | Swamp:4  | Got a decaying rune of Zot
 62650 | Vaults:1 | Entered Level 1 of the Vaults
 62761 | Vaults:1 | Reached skill level 10 in Shields
 63831 | Vaults:1 | Noticed Zenata
 64147 | Elf:1    | Entered Level 1 of the Elven Halls
 64304 | Elf:1    | Noticed Jorgrun
 64313 | Elf:1    | Paralysed by an air elemental for 1 turns
 64322 | Orc:2    | Paralysed by an air elemental for 1 turns
 64513 | Orc:2    | Killed Jorgrun
 65790 | Elf:1    | Identified the +5 scale mail of Pantheism {+Blink}
 66538 | Elf:2    | Found a crumbling gateway.
 66549 | Desolati | Entered the Desolation of Salt
 66758 | Elf:2    | Found Zeuvek's Magic Scroll Shoppe.
 66764 | Elf:2    | Bought a scroll of teleportation for 48 gold pieces
 66764 | Elf:2    | Bought a scroll of teleportation for 48 gold pieces
 66764 | Elf:2    | Bought a scroll of teleportation for 48 gold pieces
 66781 | Elf:2    | Reached XP level 20. HP: 128/128 MP: 23/38
 66798 | Elf:2    | Reached skill level 15 in Fighting
 66997 | Elf:2    | Paralysed by an air elemental for 1 turns
 67002 | Elf:2    | Paralysed by an air elemental for 1 turns
 67515 | Elf:2    | Found a portal to a secret trove of treasure.
 67518 | Elf:2    | You paid a toll of 6 scrolls of butterflies to enter a
                  | treasure trove
 67519 | Trove    | Entered a treasure trove
 67572 | Trove    | Identified the amulet "Tebunn" {RegenMP +Inv Str+2}
 67574 | Trove    | Identified the amulet "Ishehu" {RegenMP Drain rPois Regen+
                  | Int+7}
 67849 | Elf:2    | Found a runed translucent gate.
 67850 | Elf:2    | Found a runed translucent gate.
 67850 | Elf:2    | Found a runed translucent gate.
 68405 | Vaults:1 | Killed Zenata
 69185 | Vaults:1 | Reached skill level 10 in Armour
 71481 | Vaults:2 | Noticed Frederick
 71489 | Vaults:2 | Killed Frederick
 71490 | Vaults:2 | Reached skill level 10 in Evocations
 71526 | Vaults:2 | Identified the +1 helmet of Archit {rF+ Will+}
 71829 | Vaults:2 | Reached XP level 21. HP: 136/136 MP: 38/40
 74016 | Vaults:3 | Found a staircase to the Crypt.
 74254 | Vaults:3 | Identified the amulet of Temptation {Acrobat rF- rC++
                  | rCorr}
 74733 | Vaults:3 | Found a huge runed gate.
 74733 | Vaults:3 | Found a huge runed gate.
 74734 | Vaults:3 | Found a huge runed gate.
 74735 | Vaults:3 | Found a huge runed gate.
 74736 | Vaults:3 | Found a huge runed gate.
 74737 | Vaults:3 | Found a huge runed gate.
 74737 | Vaults:3 | Found a huge runed gate.
 74737 | Vaults:3 | Found a huge runed gate.
 74737 | Vaults:3 | Found a huge runed gate.
 74737 | Vaults:3 | Found a huge runed gate.
 74738 | Vaults:3 | Found a huge runed gate.
 74739 | Vaults:3 | Found a huge runed gate.
 74740 | Vaults:3 | Found a huge runed gate.
 74741 | Vaults:3 | Found a huge runed gate.
 74749 | Vaults:3 | Found a huge runed gate.
 74929 | Vaults:3 | Found a huge runed gate.
 74929 | Vaults:3 | Found a huge runed gate.
 74929 | Vaults:3 | Found a huge runed gate.
 74929 | Vaults:3 | Found a huge runed gate.
 74929 | Vaults:3 | Found a huge runed gate.
 74929 | Vaults:3 | Found a huge runed gate.
 74930 | Vaults:3 | Found a huge runed gate.
 74930 | Vaults:3 | Found a huge runed gate.
 74930 | Vaults:3 | Found a huge runed gate.
 74933 | Vaults:3 | Found a huge runed gate.
 74933 | Vaults:3 | Found a huge runed gate.
 74933 | Vaults:3 | Found a huge runed gate.
 74933 | Vaults:3 | Found a huge runed gate.
 74933 | Vaults:3 | Found a huge runed gate.
 74933 | Vaults:3 | Found a huge runed gate.
 74934 | Vaults:3 | Found a huge runed gate.
 74935 | Vaults:3 | Found a huge runed gate.
 74936 | Vaults:3 | Found a huge runed gate.
 74944 | Vaults:3 | Found a huge runed gate.
 74944 | Vaults:3 | Found a huge runed gate.
 74944 | Vaults:3 | Found a huge runed gate.
 75123 | Vaults:3 | Noticed Saint Roka
 76101 | Vaults:3 | Killed Saint Roka
 76336 | Vaults:3 | Identified the ring "Ilel" {rPois Dex+2 Slay+4}
 76844 | Vaults:4 | Paralysed by a sphinx for 2 turns
 77345 | Vaults:4 | Noticed an ancient lich
 77773 | Vaults:4 | Reached skill level 15 in Spellcasting
 77859 | Vaults:4 | Acquired a book of the Moon
 77867 | Vaults:4 | Learned a level 5 spell: Silence
 77891 | Vaults:4 | Identified the +4 mace of Peary {holy, +Blink rPois}
 78031 | Vaults:4 | Reached XP level 22. HP: 140/144 MP: 39/42
 78103 | Vaults:4 | Killed an ancient lich
 78223 | Vaults:4 | Reached skill level 1 in Transmutations
 78231 | Vaults:4 | Reached skill level 1 in Hexes
 78683 | Vaults:4 | Reached skill level 5 in Conjurations
 79501 | Elf:3    | Entered Level 3 of the Elven Halls
 79995 | Elf:3    | Identified the +10 quarterstaff "Z" {freeze, *Noise rElec
                  | Str+8 Dex+2}
 79995 | Elf:3    | Identified the ring "Ewytid" {Contam AC+4 Str+3 Slay+3
                  | SInv}
 80314 | Elf:3    | Identified the +7 halberd of Reinforcement {freeze, Fragile
                  | Int+6}
 80893 | Elf:3    | Gained mutation: Your mind is acute. (Int +4, Str/Dex -1)
                  | [a cacodemon]
 81294 | Elf:3    | Identified the +1 robe of Hefoos {rC+ Dex+4}
 81294 | Elf:3    | Identified the ring of Miv Zuc {Fire rPois Will+ rCorr}
 81547 | Elf:3    | Identified the +2 scale mail of the Mind {Contam rC++
                  | Will++}
 82386 | Elf:3    | Identified the ring "Zyef" {rCorr Dex+4}
 82921 | Elf:3    | Got Esaojufu's Opusculum on the Vitriolic Traveller
 82922 | Elf:3    | Found the +18 shield of the Gong {rElec rN+ Will+ EV-5}
 82929 | Elf:3    | Got the Almanac of Algid Poisoning
 82980 | Elf:3    | Identified the ring "Ruigir" {Fire Stlth+}
 83071 | Elf:3    | Found the +3 hat of Pondering {ponderous, Will+ MP+10
                  | Int+5}
 83489 | Depths:1 | Entered Level 1 of the Depths
 83489 | Depths:1 | Found a basalt altar of Yredelemnul.
 83496 | Depths:1 | Found Zefax's Weapon Shop.
 83756 | Depths:1 | Found Ryrujiod's Book Shoppe.
 83757 | Depths:1 | Found Icoth's Jewellery Shop.
 83758 | Depths:1 | Found Anuak's Book Shoppe.
 83774 | Depths:1 | Bought a book of Annihilations for 1320 gold pieces
 83784 | Depths:1 | Learned a level 9 spell: Chain Lightning
 83800 | Depths:1 | Found Turchock's General Store.
 83809 | Depths:1 | Bought a scroll of poison for 56 gold pieces
 83824 | Depths:1 | Found Ihunen's Distillery.
 83839 | Depths:1 | Bought 2 potions of heal wounds for 110 gold pieces
 83839 | Depths:1 | Bought a potion of haste for 110 gold pieces
 83839 | Depths:1 | Bought 3 potions of heal wounds for 165 gold pieces
 83839 | Depths:1 | Bought 2 potions of haste for 220 gold pieces
 83839 | Depths:1 | Bought a potion of brilliance for 44 gold pieces
 83840 | Depths:1 | Found a broken altar of Ashenzari.
 83978 | Depths:1 | Reached XP level 23. HP: 110/151 MP: 37/43
 83985 | Depths:1 | Found Juxerphium's General Store.
 84022 | Depths:1 | Found a magical portal.
 84031 | WizLab   | Entered Eringya's Formal Garden
 85976 | WizLab   | Found a blossoming altar of Fedhas.
 88871 | Depths:2 | Identified the +7 tower shield "Tox Dowo" {Slay+2}
 89048 | Depths:2 | Found a corrupted altar of Lugonu.
 89096 | Depths:2 | You are sucked into a shaft and drop 2 floors!
 89096 | Depths:4 | Entered Level 4 of the Depths
 89149 | Depths:3 | Noticed a golden dragon
 89584 | Depths:2 | Reached skill level 10 in Conjurations
 89887 | Depths:2 | Found a one-way gateway to a ziggurat.
 90248 | Depths:2 | Found a basalt altar of Yredelemnul.
 90256 | Depths:2 | Got the Compilation of the Algid Grave
 90562 | Depths:3 | Found a sparkling altar of Nemelex Xobeh.
 90581 | Depths:3 | Found Jewej's Armour Boutique.
 90585 | Depths:3 | Found Socid's Antique Armour Shop.
 90828 | Depths:2 | Noticed a golden dragon
 90828 | Depths:2 | an iron dragon changed into a golden dragon
 90829 | Depths:2 | Noticed a caustic shrike
 90829 | Depths:2 | a golden dragon changed into a caustic shrike
 90832 | Depths:2 | Killed a caustic shrike
 90996 | Depths:3 | Reached XP level 24. HP: 148/159 MP: 43/43
 92122 | Depths:3 | Found Heim's Jewellery Shoppe.
 92881 | Depths:3 | Noticed a juggernaut
 93049 | Depths:3 | Learned a level 2 spell: Blink
 93092 | Depths:3 | Killed a juggernaut
 94970 | Depths:4 | Found a gate to the Realm of Zot.
 95366 | Vaults:5 | Entered Level 5 of the Vaults
 95412 | Vaults:5 | Noticed an ancient lich
 95445 | Vaults:5 | Noticed Margery
 95488 | Vaults:5 | Noticed an ancient lich
 95488 | Vaults:5 | Noticed Sojobo
 95492 | Vaults:5 | Paralysed by an air elemental for 1 turns
 95498 | Vaults:5 | Reached XP level 25. HP: 39/168 MP: 5/44
 95512 | Vaults:5 | Killed from afar by an ancient lich

Illustrated notes

.######....#########.............
.#....#............#.............
##....#............#.............
......#............#.............
......#............#.............
......#............#.............
......#...°..○°...☼#.............
.######......°..○..#.............
......#.........@§○#.............
......'............#.............
......#....#########.............
......#....#........?............
##....#....#.....................
.#....#....#.....................
.#....######.....................
.#.........#########.............
.#.................#.............


Turn 33676 on D:12: stash

Levels and vault maps discovered:
D:1:      minmay_arrival_stone_box, layout_rooms, ebering_ecumenical_altar_box
D:2:      layout_basic, serial_curves, eino_curves_02, eino_curves_01,
          hangedman_glass_teeth
D:3:      layout_loops_corners, hex_medium, amcnicky_mini_rare_corridor_liquid
D:4:      minmay_octagon_keep, layout_basic, minmay_temple_entry_nine_rooms,
          serial_shops, nicolae_shop_window_shopping
D:5:      gammafunk_cloud_chamber, layout_loops_ring, gammafunk_ghost_icy,
          uniq_ijyb, uniq_sigmund
D:6:      layout_basic, kennysheep_minor_cross, st_stairs_10,
          serial_bayou_pond_d, hangedman_abyss_or_decor_lesser_grid
D:7:      layout_loops_ring, led_sif_book, gammafunk_temple_overflow_wave
D:8:      layout_rooms, slow_altar_2, old_standard_altar,
          gammafunk_temple_overflow_statue,
          nicolae_ossuary_entry_false_entrances
D:9:      minmay_cut_squares, layout_basic,
          nicolae_dithmenos_through_a_glass_darkly
D:10:     layout_stronghold, nicolae_uskayaw_en_pointe, david_orc_4,
          serial_shops, nicolae_shop_temple_entry_statues_fountains,
          nicolae_shop_hallway_stairs, kennysheep_mini_moat,
          nicolae_shop_hallway_stairs, serial_nicolae_subway,
          nicolae_sub_station_metal, nicolae_sub_station_crystal,
          nicolae_sub_station_stone
D:11:     wander_river, layout_stronghold, dpeg_oklobed_lair, minmay_bent
D:12:     layout_grid_maze, gauntlet_entry_generic, uniq_nergalle
D:13:     layout_basic
D:14:     minmay_heptahexagon, layout_irregular_city, david_vaults_5,
          nicolae_xom_altar_mimics, uniq_louise, uniq_josephine, uniq_azrael
D:15:     gammafunk_depths_entry_grave, layout_irregular_city,
          nzn_wu_jian_council_hall
Temple:   oiseaux_autumnal_temple
Lair:1:   layout_loops_ring, infiniplex_staircase_pool
Lair:2:   layout_roguey, grunt_megastairs_1, lemuel_fruit_tree
Lair:3:   layout_regular_city, swamp_mist_pool, guppyfry_snake_entry_island,
          grunt_megastairs_5
Lair:4:   layout_regular_city, grunt_megastairs_4
Lair:5:   evil_forest, layout_gridlike, minmay_slime_entry_eyes
Swamp:1:  layout_basic_swamp, nicolae_swamp_little_tower
Swamp:2:  layout_basic_swamp, evilmike_swamp_ruin_house_3, swamp_pool3,
          nicolae_swamp_little_swirl, uniq_nikola
Swamp:3:  layout_basic_swamp, nicolae_swamp_orc_logging_accident
Swamp:4:  swamp_pestilence, layout_basic_swamp, lemuel_altar_in_water
Snake:1:  layout_layer_cave, serial_bayou_shore_b, serial_bayou_shore_a,
          grunt_megastairs_2, uniq_aizul
Snake:2:  layout_basic, basic_altar
Snake:3:  nicolae_sea_snake_s, layout_cave_town, nicolae_triple_integral
Snake:4:  johnstein_snake_rune_scales, layout_cave_town
Slime:1:  layout_caves
Orc:1:    layout_caves, mines2_lemuel
Orc:2:    grunt_orc_community_town_hall, layout_caves,
          grunt_orc_community_big_house_2, grunt_orc_community_big_house_1,
          grunt_orc_community_house_2, grunt_orc_community_house_2,
          grunt_orc_community_house_1, grunt_orc_community_house_1,
          gammafunk_ghost_abyssal_escape
Elf:1:    minmay_elf_arrival_summoners, layout_rooms, special_room
          [special_room_mythical_zoo], hangedman_elf_disciples, uniq_jorgrun
Elf:2:    nicolae_elf_blades_crystal_corner, layout_rooms,
          portal_desolation_entry_nicolae_slug, serial_shops,
          nicolae_shop_hallway_stairs, trove_entry_hex_spiral
Elf:3:    elf_hall, layout_rooms, drop_trap
Vaults:1: ontoclasm_vaults_misaligned, hangedman_vaults_maws, v_misc_1,
          nicolae_vaults_arrows, grunt_vaults_focal, v_misc_9, v_pattern_2,
          ontoclasm_vaults_chip, vaults_dpeg_encased_lava,
          ontoclasm_vaults_tryst, nicolae_vaults_little_squares_4,
          vaults_room_stairs_pillars, vaults_room_semicircle,
          nicolae_vaults_specimen_jars, vaults_dpeg_ring,
          layout_vaults_omnicross, uniq_zenata
Vaults:2: vaults_mumra_minichess_inversion, grunt_vaults_bifocal, v_misc_25,
          vaults_standard_mumra_enter_the_diamond, vaults_room_glass_cross,
          grunt_vaults_hallway_long, v_misc_22, ontoclasm_vaults_shuriken,
          layout_vaults_quadrants, uniq_frederick
Vaults:3: door_vault, v_rooms_1, ontoclasm_vaults_bender, v_rooms_6,
          serial_ice_g, hangedman_vaults_stagger, vaults_room_semicircle,
          ontoclasm_vaults_ligature, nicolae_vaults_what_the_h,
          ontoclasm_vaults_loading_screen, minmay_crypt_entry_simple_round,
          nicolae_vaults_network_star, layout_vaults_maze_bifur, uniq_saint_roka
Vaults:4: grunt_vaults_diagonal, ontoclasm_vaults_idyll, ontoclasm_vaults_twist,
          v_misc_10, nicolae_vaults_diagonal_hallway_6,
          nicolae_vaults_circle_grid_b, vaults_standard_mumra_x, v_misc_3,
          vaults_room_octagon, nicolae_vaults_diagonal_hallway_7,
          nicolae_vaults_big_angled_halls, vaults_room_hangedman_quadrants,
          layout_vaults_ring
Vaults:5: serial_shops, uniq_sojobo, uniq_margery
Depths:1: layout_basic, grunt_hell_entry_dis_grunt, mu_enter_wizlab_4,
          serial_shops, nicolae_lakefront_shop, shop,
          nicolae_shop_temple_entry_statues_fountains, nicolae_square_shop,
          cheibrodos_ashenzari_chains, drop_trap, yredelemnul_altar_generic,
          minmay_shop_grove
Depths:2: lemuel_vampire_tower, layout_honeycomb, enter_ziggurat_d,
          abyss_entry_flame_altar, minmay_stone_trees_large,
          grunt_pan_entry_zigzag, serial_rivers, chequers_serial_rivers_micro_a,
          chequers_serial_rivers_micro_d, chequers_serial_rivers_small_b,
          chequers_serial_rivers_small_b, chequers_serial_rivers_small_b,
          hell_entry
Depths:3: minmay_the_grid_square_5x5_4x4 [minmay_the_grid_square_5x5_longway,
          minmay_the_grid_square_5x5_checkered,
          minmay_the_grid_square_5x5_shuriken, minmay_the_grid_square_5x5_empty,
          minmay_the_grid_square_5x5_three,
          minmay_the_grid_square_5x5_prize_itemx,
          minmay_the_grid_square_5x5_prize_junk,
          minmay_the_grid_square_5x5_bite, minmay_the_grid_square_5x5_shrine1,
          minmay_the_grid_square_5x5_prize_open,
          minmay_the_grid_square_5x5_prize_deathbox,
          minmay_the_grid_square_5x5_checkered_statues,
          minmay_the_grid_square_5x5_seven, minmay_the_grid_square_5x5_comb,
          minmay_the_grid_square_5x5_half_checkered,
          minmay_the_grid_square_5x5_bridge], layout_honeycomb, abyss_entry,
          nemelex_xobeh_ov_fountains_minmay, serial_shops,
          nicolae_take_the_stairs, grunt_metal_band, minmay_shoptagon
Depths:4: grunt_zot_entry_bicorn, layout_basic, hell_entry

Skill      XL: |  1  2  3  4  5  6  7  8  9 10 11 12 13 14 15 16 17 18 19 20 21 22 23 24 25 |
---------------+----------------------------------------------------------------------------+-----
Conjurations   | 2 3 4 5 10 13 14 | 14.1
Fighting       | 1 2 3 4 5 6 8 9 10 11 12 13 14 15 16 17 18 19 | 19.9
Staves         | 1 2 3 5 6 8 9 11 | 11.1
Dodging        | 3 4 6 7 8 9 10 11 12 13 14 15 16 17 18 19 20 | 20.0
Spellcasting   | 3 4 5 6 7 8 9 10 11 12 13 14 15 16 | 16.4
Air Magic      | 6 7 9 10 11 12 13 14 15 16 18 20 | 20.0
Evocations     | 1 3 5 6 8 10 11 12 | 12.0
Shields        | 3 4 5 6 8 9 10 11 | 11.0
Invocations    | 2 3 5 7 8 9 10 11 12 | 12.1
Polearms       | 1 4 6 7 |  7.1
Armour         | 1 5 7 9 11 | 11.0
Transmutations | 3 |  3.2
Hexes          | 4 |  4.0
Stealth        | |  2.0

Action                   |  1- 3 |  4- 6 |  7- 9 | 10-12 | 13-15 | 16-18 | 19-21 | 22-24 | 25-27 || total
-------------------------+-------+-------+-------+-------+-------+-------+-------+-------+-------++-------
Melee: Unarmed           |     1 |       |       |       |       |       |       |       |       ||     1
       Short sword       |     3 |       |       |       |       |       |       |       |       ||     3
       Staff             |    13 |    30 |    32 |       |   315 |   641 |   731 |   843 |       ||  2605
       Kick              |     5 |     8 |    43 |   126 |   129 |   287 |   381 |   469 |       ||  1448
       Peck              |     3 |     3 |    19 |    80 |   102 |   179 |   244 |   292 |       ||   922
       Punch             |       |       |     1 |       |       |       |       |       |       ||     1
       Spear             |       |       |   119 |   516 |    27 |       |       |       |       ||   662
 Cast: Shock             |    58 |    98 |   146 |   100 |   148 |   111 |    19 |    25 |       ||   705
       Airstrike         |       |       |       |    25 |   223 |   431 |   261 |   413 |     2 ||  1355
       Static Discharge  |       |       |       |    12 |   194 |   152 |   327 |   366 |       ||  1051
       Mephitic Cloud    |       |       |       |    32 |    42 |       |     7 |     7 |       ||    88
       Swiftness         |       |       |       |     2 |     2 |     3 |     1 |     3 |       ||    11
       Blink             |       |       |       |       |       |       |       |     1 |       ||     1
Invok: Upheaval          |       |       |       |     2 |     2 |    10 |    16 |    42 |     1 ||    73
       Elemental Force   |       |       |       |     1 |     1 |       |     1 |       |       ||     3
       Disaster Area     |       |       |       |       |     1 |     1 |     1 |     2 |       ||     5
Evoke: Wand              |       |     1 |     1 |     5 |     1 |       |       |       |       ||     8
       Box of beasts     |       |       |       |     1 |     2 |       |     1 |     2 |       ||     6
       Lightning rod     |       |       |       |       |     1 |       |     3 |     8 |       ||    12
       Condenser vane    |       |       |       |       |     1 |       |     2 |     2 |       ||     5
       Phantom mirror    |       |       |       |       |       |       |       |     1 |       ||     1
       Tin of tremorston |       |       |       |       |       |       |       |     2 |       ||     2
  Use: Scroll            |       |     9 |     9 |    13 |     6 |     2 |     6 |    17 |     2 ||    64
       Potion            |       |       |     1 |     4 |     2 |     2 |     5 |     6 |     6 ||    26
 Stab: Sleeping          |     1 |     1 |     1 |       |       |       |       |       |       ||     3
       Distracted        |       |     1 |       |       |     1 |       |       |     1 |       ||     3
       Paralysed         |       |       |     3 |       |       |       |       |       |       ||     3
       Confused          |       |       |       |    20 |    17 |       |     3 |     3 |       ||    43
Armor: Robe              |     1 |     3 |     8 |     5 |    15 |       |       |       |       ||    32
       Pearl dragon scal |       |       |       |       |    96 |   231 |   345 |   237 |     4 ||   913
Dodge: Dodged            |     4 |    30 |    72 |   138 |   299 |   267 |   371 |   288 |     2 ||  1471
       Repelled          |       |       |       |     2 |     5 |    35 |    19 |    20 |       ||    81
Block: Other             |       |       |     1 |       |       |       |       |       |       ||     1
       Buckler           |       |       |    17 |   242 |   388 |     8 |       |       |       ||   655
       Reflection        |       |       |       |    23 |       |       |       |       |       ||    23
       Tower shield      |       |       |       |       |       |  1117 |  1258 |   260 |       ||  2635
       Kite shield       |       |       |       |       |       |    34 |       |  1349 |     8 ||  1391
